Map: Apotheosis LE

Players

msrm - Winner!

  • Race: Zerg Zerg
  • League: Master

KiFirE

  • Race: Protoss Protoss
  • League: Master

Event: Clash of the Clanless

VOD

Have the link to the VOD?

Description

Time

  • Played on: Aug. 20, 2016, 12:34 p.m.
  • Length: 8:22

All games in this series

Show
View Real Time Build Order
Export as new Build Order

msrm Zerg - Winner!

Build Orders: Hatch First 

Get SALT Encoding   

  12  0:00  Drone  
  13  0:09  Drone  
  14  0:17  Overlord  
  14  0:24  Drone, Extractor  
  14  0:29  Extractor  
  14  0:30  Drone  
  16  0:36  Drone  
  17  0:58  Hatchery, Drone  
  17  1:02  Drone  
  18  1:12  Extractor  
  18  1:16  Spawning Pool  
  16  1:19  Drone  
  16  1:22  Drone  
  18  1:29  Drone  
  19  1:38  Drone  
  20  1:46  Extractor  
  19  1:48  Drone  
  20  1:59  Drone  
  21  2:04  Roach Warren  
  20  2:09  Queen  
  20  2:12  Drone  
  20  2:13  Burrow  
  23  2:20  Drone  
  24  2:31  Overlord  
  26  2:44  Roach x2  
  26  2:48  Queen  
  30  2:52  Roach  
  30  2:58  Roach  
  34  3:12  Roach  
  34  3:14  Roach  
  34  3:15  Overlord  
  36  3:33  Roach x2  
  40  3:35  Roach x2  
  40  3:54  Roach x3  
  38  3:57  Roach x2  
  38  3:58  Queen  
  44  4:24  Overlord x2, Roach x6  
  44  4:30  Queen  
  44  4:36  Roach x3  
  40  5:00  Roach x2  
  40  5:01  Roach x5  
  52  5:09  Queen  
  52  5:10  Roach  
  56  5:19  Ravager  
  57  5:30  Ravager x3  
  57  5:32  Overlord x3  
  56  5:51  Roach x3  
  56  5:52  Ravager  
  56  5:53  Ravager x4  
  67  5:57  Queen  
  57  6:33  Roach x3  
  42  6:47  Roach x2  
  42  6:48  Roach x3  
  49  7:00  Roach  
  44  7:16  Roach x2  
  48  7:42  Zergling x8  
  38  7:54  Zergling x2  
  38  7:55  Zergling x4  
Show
View Real Time Build Order
Export as new Build Order

KiFirE Protoss 

Build Orders: 1 Gate Expand 

Get SALT Encoding   

  12  0:01  Probe (Chrono Boost)  
  13  0:11  Probe (Chrono Boost)  
  14  0:19  Pylon  
  14  0:22  Probe (Chrono Boost)  
  15  0:37  Probe (Chrono Boost)  
  15  0:38  Gateway  
  16  0:47  Probe (Chrono Boost)  
  17  0:51  Assimilator  
  17  0:58  Probe (Chrono Boost)  
  18  1:08  Probe (Chrono Boost)  
  19  1:24  Nexus  
  19  1:32  Cybernetics Core  
  19  1:35  Zealot  
  21  1:46  Pylon  
  22  1:54  Probe (Chrono Boost)  
  22  1:59  Gateway  
  22  2:00  Warp Gate  
  22  2:07  Adept  
  24  2:20  Pylon  
  26  2:33  Mothership Core (Chrono Boost)  
  26  2:39  Adept, Assimilator  
  28  2:48  Adept  
  30  2:57  Probe (Chrono Boost)  
  30  2:58  Probe (Chrono Boost)  
  32  3:06  Adept  
  32  3:08  Gateway  
  34  3:16  Pylon  
  34  3:22  Stalker  
  32  3:44  Robotics Facility  
  30  4:03  Probe (Chrono Boost)  
  30  4:04  Stalker x2  
  30  4:05  Probe (Chrono Boost)  
  35  4:24  Probe (Chrono Boost)  
  33  4:25  Probe (Chrono Boost)  
  33  4:29  Observer  
  33  4:32  Stalker  
  33  4:33  Stalker  
  33  4:37  Probe (Chrono Boost)  
  33  4:38  Probe (Chrono Boost)  
  39  4:47  Pylon  
  29  5:04  Probe (Chrono Boost)  
  30  5:11  Immortal  
  30  5:21  Probe (Chrono Boost)  
  35  5:25  Sentry  
  37  5:33  Probe (Chrono Boost)  
  38  5:37  Pylon  
  38  5:56  Adept x2  
  42  6:17  Adept x2  
  43  6:28  Pylon  
  32  6:46  Immortal  
  29  7:00  Zealot  
Tags
 
Add a new tag
Caveats
  • Supply blocks, unpowered buildings, or Contaminate may cause inaccurate times.
  • Supply counts are checked every 10 seconds.